 Dungeon Crawl Stone Soup version 0.30-a0-782-ge64f9170bb (webtiles) character file.

Game seed: 15394845911512567040

12807 HoaS the Marksdemigod (level 11, -4/79 HPs)
             Began as a Demigod Hunter on Mar 13, 2023.
             Slain by a troll (5 damage)
             ... on level 10 of the Dungeon.
             The game lasted 00:27:27 (10763 turns).

HoaS the Marksdemigod (Demigod Hunter)             Turns: 10763, Time: 00:27:28

Health: -4/79      AC: 11    Str: 12    XL:     11   Next: 40%
Magic:  14/14      EV: 13    Int: 11    God:
Gold:   820        SH:  0    Dex: 35    Spells: 10/10 levels left

rFire   . . .      SeeInvis .    s - +3 arbalest (flame)
rCold   . . .      Faith    .    (shield currently unavailable)
rNeg    . . .      Spirit   .    C - +0 troll leather armour
rPois   .          Reflect  .    c - +0 helmet
rElec   .          Harm     .    j - +0 cloak
rCorr   .          Rampage  .    (no gloves)
Will    +....                    B - +0 pair of boots
Stlth   +++                      D - amulet of regeneration
HPRegen 1.93/turn                w - +6 ring of dexterity
MPRegen 0.14/turn                A - +4 ring of protection

@: no status effects
A: high MP 1, forlorn, divine attributes
a: no special abilities


You were on level 10 of the Dungeon.
You visited 1 branch of the dungeon, and saw 11 of its levels.
You also visited: Sewer, Ossuary and Gauntlet.

You collected 1846 gold pieces.
You spent 1026 gold pieces at shops.

Inventory:

Hand Weapons
 s - a +3 arbalest of flaming (weapon)
Armour
 c - a +0 helmet (worn)
 j - a +0 cloak (worn)
 B - a +0 pair of boots (worn)
 C - a +0 troll leather armour (worn)
Jewellery
 e - a ring of positive energy
 g - a ring of poison resistance
 w - a +6 ring of dexterity (left hand)
 x - a +4 ring of protection
 A - a +4 ring of protection (right hand)
 D - an amulet of regeneration (around neck)
Wands
 a - a wand of paralysis (21)
 p - a wand of flame (14)
Scrolls
 b - a scroll of immolation
 l - 2 scrolls of blinking
 n - 2 scrolls of fear
 t - 4 scrolls of teleportation
 u - 6 scrolls of fog
 y - a scroll of poison
Potions
 d - 3 potions of attraction
 f - 8 potions of curing
 h - 4 potions of resistance
 i - 7 potions of heal wounds
 k - 2 potions of cancellation
 m - a potion of mutation
 o - 2 potions of lignification
 q - a potion of invisibility
 r - a potion of ambrosia
 v - a potion of flight {unknown}
 z - a potion of degeneration {unknown}


   Skills:
 - Level 1.7 Fighting
 + Level 17.3 Ranged Weapons
 - Level 1.7 Dodging
 - Level 0.8 Stealth


You had 10 spell levels left.
You didn't know any spells.
Your spell library contained the following spells:

 Spells                   Type           Power      Damage    Failure   Level
 Kiss of Death            Conj/Necr      0%         2d5       41%         1
 Necrotise                Necr           0%         1d4       41%         1
 Summon Small Mammal      Summ           0%         N/A       41%         1
 Call Canine Familiar     Summ           0%         N/A       80%         3
 Confusing Touch          Hex            0%         N/A       80%         3
 Summon Guardian Golem    Hex/Summ       0%         N/A       80%         3
 Vampiric Draining        Necr           0%         2d6       80%         3
 Dispel Undead            Necr           0%         3d6       99%         4
 Agony                    Necr           0%         N/A       100%        5


Dungeon Overview and Level Annotations

Branches:
Dungeon (11/15)            Temple (0/1) D:4             Orc (0/2) D:9
  Sewer (visited)         Ossuary (visited)         Gauntlet (visited)
   Lair: D:8-11

Shops:
D:3 *   D:10 (=[!*

Annotations:
D:5 2 runed translucent doors, Stil's ghost, amateur FoFi


Innate Abilities, Weirdness & Mutations

You have an increased reservoir of magic. (+10% MP)
You shall have no god before yourself.
Your divine heritage dramatically boosts your attributes as you level up.


Message History

The wolf barely misses you. The wolf misses you.
The hound stops to sniff the ground.
The wolf bites you but does no damage. The troll bites you.
The troll claws you but does no damage. x2
The wolf bites you but does no damage. The wolf misses you.
You climb upwards.
There is a stone staircase leading down, spattered with blood here.
You shoot a bolt. The bolt hits the wolf!
The bolt burns the wolf.
The wolf is heavily wounded.
The wolf bites you. The wolf misses you. The wolf bites you.
The troll bites you. The troll misses you.
The troll claws you but does no damage. The wolf bites you.
The wolf bites you but does no damage. x2; The troll barely misses you.
The troll claws you but does no damage. The troll claws you.
You shoot a bolt. The bolt hits the wolf!!
The bolt burns the wolf.
You kill the wolf!
The wolf bites you. The wolf closely misses you.
The wolf bites you but does no damage. The wolf barely misses you.
The troll bites you. The troll claws you! The troll claws you.
You shoot a bolt. The bolt hits the wolf!!
The bolt burns the wolf!
You kill the wolf!
The wolf barely misses you. The troll bites you! The troll claws you!
The troll claws you. The wolf bites you!
You are too injured to fight recklessly!
You are too injured to fight recklessly!
You shoot a bolt. The bolt hits the troll.
The bolt burns the troll.
The troll is lightly wounded.
The wolf completely misses you. The troll barely misses you.
The troll closely misses you. The troll claws you. The wolf closely misses you.
You shoot a bolt. The bolt hits the troll!!
The bolt burns the troll.
The troll is almost dead.
The wolf bites you but does no damage. The troll completely misses you.
The troll misses you. The troll claws you!
* * * LOW HITPOINT WARNING * * *
You shoot a bolt. The bolt closely misses the troll.
The wolf bites you.
* * * LOW HITPOINT WARNING * * *
The wolf bites you but does no damage. The troll bites you!
* * * LOW HITPOINT WARNING * * *
The troll barely misses you. The troll claws you.
You die...

.####.......####.................
..# ##.......###.................
.## #......###.##............#...
## #.......#........~..~........
#..................~~~.~.....
#.................~~~~~......
#........###.....~~~~~~..#...
#####........###†h.#..~~~~~......
#..##...........@T.....~~~.......
..###................~.......##..
##.##........................###.
....#.#......#..............####.
#.######....####..............##.
#.### ##................#.##..#.
#...# #..###........##..####...
###.# #.##.##..##.####''####.##
###.# #.#......##.'..∩..>..+.#


You could see a troll and a wolf.

Vanquished Creatures
  A two-headed ogre (D:10)
  An ugly thing (D:10)
  Maurice (D:9)
  Psyche (D:8)
  2 trolls
  3 centaur simulacra (D:10)
  6 slime creatures
  10 yaks
  2 wyverns
  An unseen horror simulacrum (D:10)
  2 steam dragons
  3 vampire mosquitoes (D:10)
  3 water moccasins
  4 ice beasts
  9 orc warriors
  2 sky beasts
  3 black bears
  6 ogres
  7 wolves
  2 centaurs
  3 kobold brigands
  2 gnoll sergeants
  3 scorpions
  14 wights
  9 killer bees
  2 electric eels
  5 howler monkeys
  A crimson imp (D:4)
  2 centaur zombies (Ossuary)
  3 bullfrog zombies (Ossuary)
  4 hounds
  3 gnoll boudas
  4 orc priests
  2 jellies
  3 scorpion zombies (Ossuary)
  11 orc wizards
  2 iguanas
  An ogre zombie (Ossuary)
  32 gnolls
  10 adders
  2 river rats (Sewer)
  3 shadow imps
  10 white imps
  A howler monkey simulacrum (D:10)
  2 ufetubi
  3 adder zombies (Ossuary)
  5 worms
  52 orcs
  5 endoplasms
  3 giant cockroaches
  16 goblins
  8 hobgoblins
  18 jackals
  A quokka (D:1)
  13 ball pythons
  5 bats
  6 frilled lizards
  3 gnoll zombies (Ossuary)
  2 goblin zombies (Ossuary)
  4 hobgoblin zombies (Ossuary)
  15 kobolds
  2 orc zombies (Ossuary)
  5 rats
369 creatures vanquished.

Vanquished Creatures (others)
  14 demonic plants (Gauntlet)
  7 fungi
  31 plants
  3 withered plants (D:3)
55 creatures vanquished.

Grand Total: 424 creatures vanquished

Notes
Turn   | Place    | Note
-------+----------+-------------------------------------------
     0 | D:1      | HoaS the Demigod Hunter began the quest for the Orb.
     0 | D:1      | Reached XP level 1. HP: 17/17 MP: 3/3
    71 | D:1      | Reached skill level 4 in Ranged Weapons
    80 | D:1      | Reached XP level 2. HP: 24/24 MP: 4/4
   467 | D:2      | Reached XP level 3. HP: 29/29 MP: 5/5
   829 | D:2      | Reached skill level 5 in Ranged Weapons
  1081 | D:2      | You fall into a shaft and drop 1 floor!
  1092 | D:3      | Reached XP level 4. HP: 36/36 MP: 6/6
  1702 | D:3      | Reached skill level 6 in Ranged Weapons
  1702 | D:3      | Reached XP level 5. HP: 41/41 MP: 7/7
  1942 | D:3      | Found Udagawy's Assorted Antiques.
  1952 | D:3      | Bought a cloak for 130 gold pieces
  2272 | D:4      | Found a staircase to the Ecumenical Temple.
  2373 | D:4      | Found Maesarul's Antique Weapon Emporium.
  2572 | D:4      | Noticed a black bear
  2600 | D:4      | Killed a black bear
  2601 | D:4      | Reached skill level 7 in Ranged Weapons
  2601 | D:4      | Reached XP level 6. HP: 41/48 MP: 8/8
  2952 | D:5      | Entered Level 5 of the Dungeon
  3086 | D:5      | Found a runed translucent door.
  3088 | D:5      | Noticed Stil's ghost (amateur FoFi)
  3106 | D:5      | Found a runed translucent door.
  3107 | D:5      | Noticed a wyvern
  3114 | D:5      | Killed a wyvern
  3115 | D:5      | Reached skill level 8 in Ranged Weapons
  3115 | D:5      | Reached XP level 7. HP: 18/53 MP: 9/9
  3205 | D:5      | Reached skill level 9 in Ranged Weapons
  3369 | D:5      | Found a sand-covered staircase.
  3428 | Ossuary  | Entered an ossuary
  3506 | Ossuary  | Reached XP level 8. HP: 55/60 MP: 10/10
  3521 | Ossuary  | Reached skill level 10 in Ranged Weapons
  3713 | Ossuary  | Noticed a silent spectre
  3967 | D:6      | Reached skill level 11 in Ranged Weapons
  4012 | D:6      | Found a glowing drain.
  4031 | Sewer    | Entered a sewer
  4585 | D:6      | Identified a scroll of acquirement
  4585 | D:6      | Acquired 1085 gold pieces
  5260 | D:7      | Reached XP level 9. HP: 67/67 MP: 11/11
  5323 | D:7      | Reached skill level 12 in Ranged Weapons
  5523 | D:7      | Identified the +0 buckler of Hyonot {rElec rF+ rC- rN++}
  5953 | D:8      | Reached skill level 13 in Ranged Weapons
  6418 | D:8      | Noticed Psyche
  6421 | D:8      | Killed Psyche
  7294 | D:9      | Reached skill level 14 in Ranged Weapons
  7456 | D:9      | Reached XP level 10. HP: 73/73 MP: 13/13
  7881 | D:9      | Found a staircase to the Orcish Mines.
  7984 | D:9      | Noticed Maurice
  7990 | D:9      | Killed Maurice
  8397 | D:10     | Entered Level 10 of the Dungeon
  8398 | D:10     | Found Ypnizah's Weapon Emporium.
  8540 | D:10     | Noticed a two-headed ogre
  8607 | D:10     | Found Plog's Distillery.
  8618 | D:9      | Reached skill level 15 in Ranged Weapons
  8851 | D:10     | Bought a potion of heal wounds for 70 gold pieces
  8851 | D:10     | Bought a potion of heal wounds for 70 gold pieces
  8851 | D:10     | Bought a potion of curing for 42 gold pieces
  8851 | D:10     | Bought a potion of heal wounds for 70 gold pieces
  8927 | D:10     | Found Onwocsev's Antique Armour Emporium.
  8942 | D:10     | Bought a helmet for 112 gold pieces
  8942 | D:10     | Bought a pair of boots for 112 gold pieces
  9303 | D:9      | Reached skill level 16 in Ranged Weapons
  9418 | D:10     | Killed a two-headed ogre
  9419 | D:10     | Reached XP level 11. HP: 79/79 MP: 14/14
  9455 | D:10     | Found Jeiquimm's Assorted Antiques.
  9555 | D:10     | Found Falen's Jewellery Emporium.
  9560 | D:10     | Bought an amulet of regeneration for 420 gold pieces
 10266 | D:11     | Found Cufeym's Jewellery Shop.
 10266 | D:11     | Found a gate leading to a gauntlet.
 10311 | Gauntlet | Entered a Gauntlet
 10311 | Gauntlet | Found a transporter.
 10311 | Gauntlet | Found a transporter.
 10315 | Gauntlet | Found a transporter.
 10315 | Gauntlet | Found a transporter.
 10316 | Gauntlet | Noticed a tengu warrior
 10324 | Gauntlet | Found a transporter.
 10327 | Gauntlet | Noticed a necromancer
 10349 | Gauntlet | Noticed a wizard
 10349 | Gauntlet | Noticed a thrashing horror
 10353 | Gauntlet | Found a transporter.
 10353 | Gauntlet | Found a transporter.
 10371 | Gauntlet | Noticed a wizard
 10377 | Gauntlet | Found a transporter.
 10384 | Gauntlet | Found a transporter.
 10393 | Gauntlet | Found a transporter.
 10396 | Gauntlet | Found a transporter.
 10414 | Gauntlet | Found a transporter.
 10433 | Gauntlet | Noticed a soul eater
 10459 | Gauntlet | Found a transporter.
 10481 | Gauntlet | Found a transporter.
 10576 | Gauntlet | Found a transporter.
 10592 | Gauntlet | Found a transporter.
 10728 | D:11     | Reached skill level 17 in Ranged Weapons
 10763 | D:10     | HP: 1/79 [troll (11)]
 10763 | D:10     | Slain by a troll

Illustrated notes

Levels and vault maps discovered:
D:1:      mrwooster_arrival_arrow, layout_rooms, ebering_ecumenical_altar_webs,
          minmay_stone_trees_small
D:2:      layout_basic, minmay_circled_x
D:3:      layout_rooms, kiku_gazebo_garden_becter, serial_shops,
          nicolae_lakefront_shop, bh_walls_and_bars
D:4:      cheibrodos_greedy_goblins, layout_loops_ring,
          minmay_temple_entry_statues_fountains, serial_shops,
          nicolae_shop_hallway_stairs, minmay_fire_ice_demons
D:5:      cheibrodos_helix_gallery, layout_rooms, elyvilon_altar_1,
          ebering_ghost_sewer_f, nicolae_ossuary_entry_false_entrances
D:6:      layout_basic, makhleb_heckhound_becter, cheibrodos_sewer_entry_bend,
          nicolae_lava_and_water
D:7:      layout_cave_pools
D:8:      layout_basic, grunt_temple_overflow_open, serial_curves,
          eino_curves_04, eino_curves_02, lightli_orcish_oven, uniq_psyche
D:9:      layout_layer_cave, hiddenorc1_lemuel, uniq_maurice
D:10:     kennysheep_seaside_town, layout_cave_pools, serial_shops, shop,
          nicolae_stop_n_shop_2, kennysheep_little_box, shop,
          nicolae_shop_hallway_stairs, serial_ice, serial_ice_i, serial_ice_n,
          serial_ice_c, serial_ice_a, serial_ice_f, serial_ice_d, serial_ice_b,
          serial_ice_m, serial_ice_g, serial_ice_h
D:11:     layout_cave_pods, erik_lair_island, gauntlet_entry_generic,
          serial_shops, shop, shop, kennysheep_mini_moat, nicolae_stop_n_shop_2,
          uniq_lodul

Skill      XL: |  1  2  3  4  5  6  7  8  9 10 11 |
---------------+----------------------------------+-----
Ranged Weapons | 4 5 6 7 8 9 11 14 16 17 | 17.3
Fighting       | |  1.7
Dodging        | |  1.7
Stealth        | |  0.8

Action                     |  1- 3 |  4- 6 |  7- 9 | 10-12 || total
---------------------------+-------+-------+-------+-------++-------
   Fire: Shortbow          |   111 |   154 |   360 |       ||   625
         Arbalest          |       |       |   101 |   276 ||   377
    Use: Scroll            |     7 |     7 |    11 |     3 ||    28
         Potion            |       |       |     3 |     1 ||     4
 Armour: Leather armour    |     9 |     9 |    17 |       ||    35
         Robe              |       |       |    14 |    30 ||    44
         Troll leather arm |       |       |       |    50 ||    50
  Dodge: Dodged            |    41 |    21 |   156 |   140 ||   358

Table legend: (Time is in decaauts)
 A = Elapsed time spent in this place.
 B = Non-inter-level travel time spent in this place.
 C = Inter-level travel time spent in this place.
 D = Time resting spent in this place.
 E = Time spent auto-exploring this place.
 F = Levels seen in this place.
 G = Mean time per level.
                   A        B        C        D        E       F      G
               +--------+--------+--------+--------+--------+-----+--------+
         Total |  11045 |  10632 |    413 |   2670 |   5669 |  14 |  788.9 |
       Dungeon |   9654 |   9241 |    413 |   2539 |   4794 |  11 |  877.6 |
         Sewer |    677 |    677 |      0 |     28 |    508 |   1 |  677.0 |
       Ossuary |    322 |    322 |      0 |    103 |     79 |   1 |  322.0 |
      Gauntlet |    390 |    390 |      0 |      0 |    288 |   1 |  390.0 |
               +--------+--------+--------+--------+--------+-----+--------+

Top non-repeatable levels by time:
     D:9: 1831 daAuts
     D:8: 1402 daAuts
    D:10: 1360 daAuts
     D:3: 930 daAuts
     D:4: 875 daAuts
     D:6: 794 daAuts
     D:2: 791 daAuts
   Sewer: 677 daAuts
     D:7: 589 daAuts
     D:5: 571 daAuts
     D:1: 448 daAuts
Gauntlet: 390 daAuts
 Ossuary: 322 daAuts
    D:11: 59 daAuts
